 Dungeon Crawl Stone Soup version 0.29.1-2-gbd0b4ee654 (webtiles) character file.

Game seed: 4909937262498341042

33 qeuew the Poker (level 3, 0/28 HPs)
             Began as a Merfolk Gladiator on Nov 10, 2022.
             Slain by a goblin
             ... wielding a +0 club
              (3 damage)
             ... on level 2 of the Dungeon.
             The game lasted 00:01:29 (505 turns).

qeuew the Poker (Merfolk Gladiator)                  Turns: 505, Time: 00:01:30

Health: 0/28       AC:  4    Str: 16    XL:     3   Next: 29%
Magic:  3/3        EV: 13    Int:  7    God:
Gold:   38         SH:  0    Dex: 15    Spells: 2/2 levels left

rFire   . . .      SeeInvis .   a - +0 trident
rCold   . . .      Faith    .   (no shield)
rNeg    . . .      Spirit   .   b - +0 leather armour
rPois   .          Reflect  .   c - +0 helmet
rElec   .          Harm     .   (no cloak)
rCorr   .          Rampage  .   (no gloves)
Will    .....                   (no boots)
Stlth   +.........              (no amulet)
HPRegen 0.09/turn               (no ring)
MPRegen 0.08/turn               (no ring)

@: no status effects
A: (nimble swimmer 2), mertail
a: no special abilities


You were on level 2 of the Dungeon.
You visited 1 branch of the dungeon, and saw 2 of its levels.

You collected 38 gold pieces.

Inventory:

Hand Weapons
 a - a +0 trident (weapon)
Missiles
 d - 3 throwing nets (quivered)
 e - a javelin
Armour
 b - a +0 leather armour (worn)
 c - a +0 helmet (worn)
Jewellery
 g - an amulet of regeneration
Scrolls
 f - 3 scrolls of teleportation {unknown}
 i - 2 scrolls of identify {unknown}


   Skills:
 + Level 2.6 Fighting
 + Level 4.4 Polearms
 + Level 2.3 Throwing
 + Level 0.6 Armour
 + Level 4.4 Dodging


You had 2 spell levels left.
You didn't know any spells.
Your spell library was empty.

Dungeon Overview and Level Annotations

Branches:
Dungeon (1/15)

Altars:
Wu Jian


Innate Abilities, Weirdness & Mutations

((You are very nimble when in or above water. (Stealth+, EV+, Speed+++)))
Your lower body shifts to a powerful aquatic tail in water.


Message History

You escape the ball python's grasp.
You see here a throwing net.
The ball python bites you but does no damage.
The ball python completely misses you. The ball python closely misses you.
The ball python grabs you. The ball python constricts you.
You see here a throwing net.
You hit the ball python.
The ball python is severely wounded.
The ball python bites you but does no damage.
The ball python constricts you.
You closely miss the ball python.
The ball python is severely wounded.
The ball python completely misses you. The ball python constricts you.
* * * LOW HITPOINT WARNING * * *
You hit the ball python.
You kill the ball python!
You hit the hobgoblin.
You kill the hobgoblin!
Things that are here:
a hobgoblin corpse; a ball python corpse
d - 3 throwing nets (gained 1)
Your extra speed is starting to run out.
You feel yourself slow down. The worm barely misses you.
There is an open door here.
A hobgoblin comes into view.
The hobgoblin shouts!
You hit the hobgoblin but do no damage.
A goblin comes into view. It is wielding a +0 club.
The hobgoblin hits you.
* * * LOW HITPOINT WARNING * * *
You closely miss the hobgoblin.
The hobgoblin hits you but does no damage.
The goblin shouts!
You puncture the hobgoblin!
You kill the hobgoblin!
Found a stone staircase leading up.
You completely miss the goblin. The goblin hits you with a +0 club.
You die...

#..............###.. .
#..
#####......)....###...#
....
......w...............#
.....
................###...#
.....
...........#..........#
.........w.#..........
.......###.#.......#+##.
........................
................@g......
..............#.........
####.......####........
#.......# .........
#.......# #......##
#.......# <......#
######### ####...# ...#


You could see a goblin.

Vanquished Creatures
  A dart slug (D:2)
  2 endoplasms
  3 goblins (D:2)
  5 hobgoblins
  2 jackals (D:2)
  4 quokkas
  4 ball pythons
  A bat (D:1)
  2 frilled lizards (D:2)
  3 kobolds
  2 rats
29 creatures vanquished.

Notes
Turn   | Place    | Note
-------+----------+-------------------------------------------
     0 | D:1      | qeuew the Merfolk Gladiator began the quest for the Orb.
     0 | D:1      | Reached XP level 1. HP: 16/16 MP: 1/1
   182 | D:1      | Reached XP level 2. HP: 23/23 MP: 2/2
   215 | D:1      | You fall into a shaft and drop 1 floor!
   288 | D:2      | Found an ornate altar of the Wu Jian Council.
   305 | D:2      | Found a faded altar of an unknown god.
   416 | D:2      | Reached XP level 3. HP: 15/28 MP: 3/3
   432 | D:2      | HP: 1/28 [worm (5)]
   448 | D:2      | HP: 1/28 [jackal (1)]
   462 | D:2      | HP: 1/28 [constriction (1)]
   505 | D:2      | Slain by a goblin

Illustrated notes

Levels and vault maps discovered:
D:1:      onia_arrival_mini_maze, layout_basic
D:2:      layout_basic, basic_altar, hellmonk_ecumenical_altar_heavens_door

Action                   || total
-------------------------++-------
Melee: Trident           ||    91
Throw: Throwing net      ||     1
  Use: Potion            ||     1
Armor: Leather armour    ||    19
Dodge: Dodged            ||    63
